 Dungeon Crawl Stone Soup version 0.20.1-1-g8b1a95d (webtiles) character file.

195466 Irenicus the Earth Mage (level 17, -2/138 HPs)
             Began as a Deep Dwarf Earth Elementalist on Oct 29, 2017.
             Was the Champion of Makhleb.
             Slain by a naga warrior
             ... wielding a +0 mace
              (18 damage)
             ... on level 3 of the Snake Pit.
             The game lasted 04:41:28 (28484 turns).

Irenicus the Earth Mage (DDEE)                     Turns: 28484, Time: 04:41:30

Health: -2/138     AC: 23    Str: 14    XL:     17   Next: 71%
Magic:  5/35       EV: 18    Int: 20    God:    Makhleb [******]
Gold:   963        SH:  8    Dex: 17    Spells: 6/44 levels left

rFire    + . .     SeeInvis .   l - +4 rapier (vamp)
rCold    + + +     Gourm    .   j - +2 buckler {AC+3}
rNeg     + . .     Faith    .   i - +4 ring mail of the Fiend {*Drain MR++ Stlth+}
rPois    .         Spirit   .   (helmet restricted)
rElec    .         Reflect  .   p - scarf {rC+ rF+}
rCorr    .         Harm     .   z - +2 pair of gloves {Dex+3}
MR       +++++                  I - +2 pair of boots {run}
Stlth    +++++.....             y - amulet of magic regeneration
Regen    0.0/turn               u - ring of protection from cold
MPRegen  0.4/turn               c - ring of flight

@: lethally poisoned (-2 -> -10), non-regenerating, quick
A: damage resistance, heal wounds, antennae 2, slimy green scales 1, yellow
scales 1, clever 1, clumsy 1, cold resistance 1, magic resistance 1, negative
energy resistance 1, sense surroundings 2, MP-powered wands, no regeneration
}: 1/15 runes: barnacled
a: Heal Wounds, Minor Destruction, Lesser Servant of Makhleb, Major Destruction,
Greater Servant of Makhleb, Renounce Religion, Evoke Flight


You were on level 3 of the Snake Pit.
You worshipped Makhleb.
Makhleb was exalted by your worship.
You were very hungry.

You visited 5 branches of the dungeon, and saw 31 of its levels.

You collected 2420 gold pieces.
You spent 1457 gold pieces at shops.

Inventory:

Hand Weapons
 b - the +6 war axe "Pelaocua" {elec, +Blink +Fly MR+ Str-5}
   (You bought it in a shop on level 2 of the Orcish Mines)

   Occasionally, upon striking a foe, it will discharge some electrical energy
   and cause terrible harm.
   It affects your strength (-5).
   It affects your resistance to hostile enchantments.
   It lets you fly.
   It lets you blink.
 e - the +10 battleaxe of Kavun {freeze, Dex+2}
   (You found it on level 11 of the Dungeon)

   It has been specially enchanted to freeze those struck by it, causing extra
   injury to most foes and up to half again as much damage against particularly
   susceptible opponents.
   It can also slow down cold-blooded creatures.
   It affects your dexterity (+2).
 l - a +4 vampiric rapier (weapon)
Missiles
 L - 225 stones (quivered)
 M - 6 throwing nets
Armour
 i - the +4 ring mail of the Fiend (worn) {*Drain MR++ Stlth+}
   (You bought it in a shop on level 2 of the Orcish Mines)

   It affects your resistance to hostile enchantments.
   It causes draining when unequipped.
   It makes you more stealthy.
 j - a +2 buckler of protection (worn)
 p - a scarf of resistance (worn)
 z - a +2 pair of gloves of dexterity (worn)
 D - the +5 helmet of the Thunderstorm {-Tele MR+ Str+4 SInv}
   (You found it on level 2 of the Lair of Beasts)

   It affects your strength (+4).
   It affects your resistance to hostile enchantments.
   It lets you see invisible.
   It prevents most forms of teleportation.
 I - a +2 pair of boots of running (worn)
Jewellery
 a - an uncursed ring of see invisible
 c - a ring of flight (right hand)
 u - a ring of protection from cold (left hand)
 y - an amulet of magic regeneration (around neck)
 Y - an uncursed ring of fire
Wands
 q - a wand of iceblast (2/15)
 C - a wand of digging (0/24)
 E - a wand of confusion (17/48)
 H - a wand of flame (16/48)
 K - a wand of disintegration (18/24)
 T - a wand of clouds (2/9)
Scrolls
 f - a scroll of amnesia
 g - 8 scrolls of remove curse
 h - 4 scrolls of recharging
 r - a scroll of identify
 t - 2 scrolls of holy word
 v - 2 scrolls of magic mapping
 A - a scroll of enchant armour
 O - a scroll of fog
 R - 6 scrolls of blinking
 U - a scroll of brand weapon
 Z - a scroll of immolation
Potions
 k - 2 potions of agility
 m - 7 potions of haste
 n - 4 potions of flight
 w - 2 potions of lignification
 G - a potion of cancellation
 N - a potion of berserk rage
 P - 3 potions of curing
 V - 4 potions of might
 X - 3 potions of brilliance
Books
 F - a book of Transfigurations

   Spells                             Type                      Level
   a - Irradiate                      Conjuration/Transmutation    5
   b - Statue Form                    Transmutation/Earth          6
   c - Hydra Form                     Transmutation                6
   d - Dragon Form                    Transmutation                7
 S - a book of the Earth

   Spells                             Type                      Level
   a - Leda's Liquefaction            Hexes/Earth                  4
   b - Bolt of Magma                  Conjuration/Fire/Earth       5
   c - Statue Form                    Transmutation/Earth          6
   d - Iron Shot                      Conjuration/Earth            6
   e - Shatter                        Earth                        9
Miscellaneous
 s - a fan of gales
 x - a lightning rod (inert)
 W - a sack of spiders
Comestibles
 d - 14 bread rations
 o - 9 royal jellies
 B - 11 meat rations
 J - 5 fruits


   Skills:
 - Level 5.0 Fighting
 - Level 3.0 Short Blades
 - Level 2.0 Axes
 - Level 4.0 Armour
 - Level 11.0 Dodging
 - Level 11.0 Stealth
 - Level 5.0 Shields
 - Level 14.0 Spellcasting
 - Level 8.0 Conjurations
 - Level 3.1 Hexes
 - Level 3.2 Translocations
 - Level 10.2 Transmutations
 + Level 19.2 Earth Magic
 - Level 11.0 Invocations
 - Level 8.1 Evocations


You had 6 spell levels left.
You knew the following spells:

 Your Spells              Type           Power        Failure   Level  Hunger
a - Sandblast             Erth           ######       0%          1    None
b - Stone Arrow           Conj/Erth      ######       1%          3    None
c - Leda's Liquefaction   Hex/Erth       ######....   1%          4    None
d - Statue Form           Tmut/Erth      ######...    3%          6    #####..
e - Lee's Rapid Deconstr  Erth           ######....   1%          5    ###....
f - Blink                 Tloc           N/A          3%          2    None
g - Petrify               Tmut/Erth      ######..     1%          4    None
h - Irradiate             Conj/Tmut      ######....   5%          5    ###....
i - Iron Shot             Conj/Erth      ######....   4%          6    #####..
p - Passwall              Tmut/Erth      ######....   1%          2    None


Dungeon Overview and Level Annotations

Branches:
Dungeon (15/15)            Temple (0/1) D:7            Lair (6/6) D:10
 Shoals (4/4) Lair:2        Snake (4/4) Lair:3        Slime (0/5) Lair:5
    Orc (2/2) D:9             Elf (0/3) Orc:2        Vaults (0/5) D:14
 Depths (0/5) D:15

Altars:
Ashenzari
Elyvilon
Fedhas
Gozag
Makhleb
Nemelex Xobeh
Okawaru
Sif Muna
Trog
Xom
The Shining One
Beogh
Jiyva

Shops:
Orc:2 [*((=[([%   Snake:1 [**

Annotations:
D:7 4 runed doors
Lair:3 ak87's ghost, novice DgTm


Innate Abilities, Weirdness & Mutations

You are resistant to damage.
You can heal yourself by infusing magical energy.
You resist negative energy. (rN+)
You passively map the area around you.
You do not regenerate.
You have a pair of antennae on your head.
You are partially covered in slimy green scales. (AC +2)
You are partially covered in yellow scales. (AC +2)
Your mind is acute. (Int +2)
You are clumsy. (Dex -2)
Your flesh is cold resistant. (rC+)
You are resistant to hostile enchantments. (MR+)
You expend magic power (3 MP) to strengthen your wands.


Message History

You hit the naga warrior.
You feel better.
The naga warrior is almost dead.
You feel sick. The naga warrior spits poison at you.
The splash of poison hits you!
You are more poisoned.
* * * LOW HITPOINT WARNING * * *
You swap places.
You feel sick. Something closely misses your ynoxinul.
Something grabs your ynoxinul.
Your ynoxinul is constricted.
Okay, then.
You feel sick.
Your ynoxinul struggles to escape constriction.
There is a stone staircase leading down, spattered with blood here.
You feel sick. The naga warrior spits poison at you.
The splash of poison hits you!
You are more poisoned.
The naga warrior constricts something.
You feel sick. The naga warrior hits you with a mace!!
You die...

#...##.#.###.......# # ###.#
#.#.....###...# # #
#.###.####...# *## # # #.....#
#.#.#### ## # #.....#
#......########### #.
###.....######..........#...####.
..#.###....##..55.<.....#...#....
................##3.....#.......#
..#.##}....#....@N##.#####.......
###.#.........[..N#...# #.......
# #.#.....#..##...#...# ###......
##.......##)###)##...##.......##
#...)#....#.)##.........####.###
#....#........#........#...#.# #
##.####.................#.....# #
.............##..#...........####
.#.###....###................# #.


You could see a naga warrior, a naga mage (petrified), a friendly ynoxinul and a
friendly ufetubus.

Vanquished Creatures
  Saint Roka (Snake:3)
  A kraken (Shoals:4)
  Roxanne (Shoals:1)
  A storm dragon (D:13)
  Ilsuiw (Shoals:4)
  Donald (Shoals:1)
  2 orc warlords (Orc:2)
  Nessos (Lair:4)
  5 merfolk javelineers
  7 merfolk impalers
  An ettin (D:13)
  Josephine (Lair:5)
  The ghost of Alioren the Basher, a journeyman MiFi of Qazlal (D:12)
  5 naga warriors
  9 hydras
  5 anacondas
  4 satyrs
  A merfolk avatar (Shoals:1)
  2 dancing weapons (D:14)
  4 centaur warriors
  9 two-headed ogres
  An ogre mage (D:15)
  3 death yaks (Lair:6)
  3 naga sharpshooters
  5 merfolk aquamancers
  6 shock serpents
  4 orc high priests (Orc:2)
  A fire crab (shapeshifter) (D:15)
  A glowing orange brain (shapeshifter) (D:13)
  A salamander mystic (Snake:4)
  15 sea snakes
  An unseen horror (D:10)
  4 skeletal warriors (D:13)
  A glowing orange brain (D:15)
  A naga ritualist (Snake:3)
  2 wizards (D:15)
  A lindwurm (Lair:6)
  13 harpies
  A wolf spider zombie (D:13)
  10 fauns
  An orc knight (Orc:2)
  6 orc sorcerers
  3 cyclopes
  A deep elf mage (D:15)
  6 ugly things
  An oklob plant (Lair:1)
  7 salamanders
  10 mana vipers
  12 manticores
  2 elephants (Lair:6)
  4 centaur zombies
  8 merfolk sirens
  A black mamba (shapeshifter) (D:15)
  7 naga magi
  25 black mambas
  4 guardian serpents
  8 water nymphs
  A water nymph (shapeshifter) (D:13)
  5 gargoyles
  9 spiny frogs
  A freezing wraith (D:15)
  3 kobold demonologists
  8 komodo dragons
  2 rime drakes (Lair:6)
  A rime drake (shapeshifter) (D:15)
  An efreet (D:14)
  8 trolls
  2 polar bears
  3 meliai (D:15)
  23 merfolk
  A harpy zombie (D:15)
  23 blink frogs
  11 dream sheep (Lair:6)
  5 slime creatures
  5 wind drakes
  8 snapping turtles
  11 hippogriffs
  2 centaur simulacra
  38 yaks
  3 shadows (D:13)
  2 wyverns
  A vampire (D:11)
  8 wraiths
  7 basilisks
  A hog (shapeshifter) (D:15)
  7 water elementals
  Eustachio (D:4)
  Grum (D:9)
  A hungry ghost (D:9)
  3 vampire mosquitoes
  3 wargs
  26 nagas
  A soldier ant (D:12)
  An acid dragon (D:14)
  Edmund (D:4)
  14 water moccasins
  8 porcupines
  Duvessa (D:6)
  3 black bears
  4 phantoms
  3 ice beasts
  6 sky beasts
  30 orc warriors
  An eye of draining (D:15)
  3 necrophages
  3 wolves (D:9)
  18 ogres
  8 centaurs
  14 crocodiles
  2 big kobolds
  Blork the orc (D:5)
  2 gnoll sergeants
  22 bullfrogs
  A wyvern zombie (D:13)
  A water moccasin zombie (D:9)
  6 scorpions
  A wyvern skeleton (D:13)
  Dowan (D:6)
  17 killer bees
  The ghost of ak87 the Changer, a weakling DgTm (D:4)
  3 wights (D:6)
  10 crimson imps
  2 bullfrog zombies
  A quasit (D:6)
  7 hounds
  17 orc priests
  Crazy Yiuf (D:5)
  5 jellies
  17 orc wizards
  3 bullfrog skeletons
  4 centaur skeletons
  Terence (D:2)
  10 iguanas
  2 hell rats (Lair:1)
  16 worker ants
  2 hound zombies
  3 hound skeletons
  Robin (D:4)
  10 gnolls
  13 adders
  A howler monkey skeleton (D:10)
  7 river rats (Lair:1)
  4 shadow imps
  An ooze (D:1)
  2 adder skeletons
  2 adder zombies
  A dart slug (D:1)
  6 leopard geckos
  66 orcs
  5 giant cockroaches
  8 hobgoblins
  11 kobolds
  6 quokkas
  2 ball pythons
  9 bats
  2 frilled lizards (D:3)
  22 goblins
  A leopard gecko zombie (D:7)
  10 rats
  A plant (Shoals:4)
  A tentacle (Shoals:2)
948 creatures vanquished.

Vanquished Creatures (collateral kills)
  Aizul (Snake:2)
  A merfolk javelineer (Shoals:3)
  A naga warrior (Snake:3)
  2 merfolk avatars
  A naga ritualist (Snake:3)
  2 mana vipers (Snake:3)
  A manticore (Shoals:1)
  A merfolk siren (Shoals:1)
  2 trolls (Orc:2)
  A merfolk (Shoals:1)
  A warg (Orc:2)
  3 orc warriors (Snake:3)
  An orc wizard (Orc:2)
  2 orcs
20 creatures vanquished.

Vanquished Creatures (others)
  A harpy (Shoals:4)
  A manticore (Shoals:4)
  28 fungi
  6 plants
  23 tentacles
59 creatures vanquished.

Grand Total: 1027 creatures vanquished

Notes
Turn   | Place    | Note
-------+----------+-------------------------------------------
     0 | D:1      | Irenicus the Deep Dwarf Earth Elementalist began the quest for the Orb.
     0 | D:1      | Reached XP level 1. HP: 15/15 MP: 3/3
     1 | D:1      | Noticed an electric eel
   231 | D:1      | Reached XP level 2. HP: 20/22 MP: 2/4
   464 | D:1      | Reached skill level 5 in Earth Magic
   632 | D:2      | Reached XP level 3. HP: 26/28 MP: 2/5
   678 | D:2      | Learned a level 3 spell: Stone Arrow
   772 | D:2      | Found a shimmering altar of Xom.
   794 | D:2      | Noticed Terence
   892 | D:2      | Reached skill level 6 in Earth Magic
  1098 | D:2      | Killed Terence
  1098 | D:2      | Reached XP level 4. HP: 29/36 MP: 2/7
  1263 | D:3      | Reached skill level 1 in Conjurations
  1362 | D:3      | Learned a level 2 spell: Passwall
  1872 | D:3      | Reached XP level 5. HP: 32/42 MP: 6/9
  1893 | D:4      | Noticed Eustachio
  1902 | D:4      | Killed Eustachio
  1902 | D:4      | Reached skill level 7 in Earth Magic
  1902 | D:4      | Reached XP level 6. HP: 35/49 MP: 0/10
  1956 | D:4      | Noticed Robin
  2023 | D:4      | Reached skill level 1 in Axes
  2256 | D:4      | Noticed ak87's ghost (weakling DgTm)
  2276 | D:4      | Killed ak87's ghost
  2300 | D:4      | Reached XP level 7. HP: 38/55 MP: 5/11
  2315 | D:4      | Noticed Edmund
  2344 | D:4      | Killed Edmund
  2455 | D:4      | Killed Robin
  2602 | D:5      | Entered Level 5 of the Dungeon
  2626 | D:5      | Noticed Blork the orc
  2632 | D:5      | Killed Blork the orc
  2632 | D:5      | Reached skill level 8 in Earth Magic
  2787 | D:5      | Reached skill level 9 in Earth Magic
  2811 | D:5      | Learned a level 1 spell: Magic Dart
  2849 | D:5      | Reached XP level 8. HP: 31/62 MP: 6/12
  2854 | D:5      | Gained mutation: Your spells are a little easier to cast, but a little less powerful. [mutagenic meat]
  2855 | D:5      | Gained mutation: You are clumsy. (Dex -2) [mutagenic meat]
  2856 | D:5      | Gained mutation: Your muscles are strong. (Str +2) [mutagenic meat]
  2864 | D:5      | Learned a level 5 spell: Lee's Rapid Deconstruction
  2875 | D:5      | Found a runed door.
  2879 | D:5      | Noticed Crazy Yiuf
  2885 | D:5      | Killed Crazy Yiuf
  2994 | D:5      | Found an opulent altar of Gozag.
  3126 | D:5      | Reached skill level 10 in Earth Magic
  3289 | D:5      | Found an iron altar of Okawaru.
  3450 | D:6      | Reached skill level 5 in Conjurations
  3465 | D:6      | Found a shattered altar of Ashenzari.
  3651 | D:6      | Reached skill level 5 in Spellcasting
  3755 | D:6      | Found a deep blue altar of Sif Muna.
  3786 | D:6      | Noticed Dowan
  3787 | D:6      | Noticed Duvessa
  3801 | D:6      | Killed Dowan
  3947 | D:6      | Gained mutation: You passively map the area around you. [Deep Dwarf growth]
  3947 | D:6      | Reached XP level 9. HP: 19/68 MP: 4/17
  4173 | D:6      | Killed Duvessa
  4266 | D:6      | Reached skill level 1 in Short Blades
  4497 | D:6      | Found a burning altar of Makhleb.
  4530 | D:6      | Became a worshipper of Makhleb the Destroyer
  4599 | D:6      | Found a bloodstained altar of Trog.
  4819 | D:7      | Found an opulent altar of Gozag.
  4947 | D:7      | Found a white marble altar of Elyvilon.
  5028 | D:7      | Found a staircase to the Ecumenical Temple.
  5185 | D:7      | Reached XP level 10. HP: 38/75 MP: 1/19
  5193 | D:7      | Got a bloodstained plate armour
  5207 | D:7      | Identified the +1 plate armour of Negligence {-Tele Str+4 Int+7 Dex-2} (You found it on level 7 of the Dungeon)
  5304 | D:7      | Noticed a manticore
  5305 | D:7      | Found a huge runed gate.
  5305 | D:7      | Found a huge runed gate.
  5305 | D:7      | Found a huge runed gate.
  5364 | D:7      | Reached * piety under Makhleb
  5372 | D:7      | Found a huge runed gate.
  5375 | D:7      | Noticed a manticore
  5416 | D:8      | Reached skill level 11 in Earth Magic
  5562 | D:8      | Found a glowing golden altar of the Shining One.
  5797 | D:8      | Noticed a five-headed hydra
  6121 | D:8      | Reached skill level 12 in Earth Magic
  6287 | D:9      | Reached skill level 1 in Transmutations
  6341 | D:9      | Noticed a two-headed ogre
  6358 | D:9      | Killed a two-headed ogre
  6363 | D:9      | Learned a level 2 spell: Blink
  6501 | D:9      | Noticed Grum
  6502 | D:9      | Reached skill level 1 in Translocations
  6536 | D:9      | Killed Grum
  6551 | D:9      | Reached ** piety under Makhleb
  6663 | D:9      | Reached skill level 5 in Invocations
  6768 | D:9      | Learned a level 4 spell: Petrify
  6787 | D:9      | Noticed a centaur warrior
  6793 | D:9      | Lost mutation: Your muscles are strong. (Str +2) [potion of mutation]
  6793 | D:9      | Lost mutation: Your spells are a little easier to cast, but a little less powerful. [potion of mutation]
  6793 | D:9      | Gained mutation: You have a pair of small antennae on your head. [potion of mutation]
  6793 | D:9      | Gained mutation: Your flesh is cold resistant. (rC+) [potion of mutation]
  6811 | D:9      | Killed a centaur warrior
  6817 | D:9      | Reached XP level 11. HP: 27/81 MP: 2/20
  7055 | D:9      | Reached skill level 5 in Transmutations
  7110 | D:9      | Found a roughly hewn altar of Beogh.
  7110 | D:9      | Found a staircase to the Orcish Mines.
  7127 | D:9      | Reached *** piety under Makhleb
  7216 | D:9      | Found a sparkling altar of Nemelex Xobeh.
  7586 | D:10     | Entered Level 10 of the Dungeon
  7624 | D:10     | Killed an unseen horror
  8068 | D:10     | Reached skill level 1 in Fighting
  8193 | D:10     | Noticed a two-headed ogre
  8207 | D:10     | Killed a two-headed ogre
  8277 | D:10     | Noticed a purple ugly thing
  8323 | D:10     | Killed a purple ugly thing
  8326 | D:10     | Gained mutation: Your mind is acute. (Int +2) [mutagenic meat]
  8327 | D:10     | Gained mutation: You possess an exceptional clarity of mind. [mutagenic meat]
  8490 | D:10     | Found a staircase to the Lair.
  8825 | D:11     | Reached **** piety under Makhleb
  8932 | D:11     | Reached skill level 5 in Dodging
  8943 | D:11     | Noticed an eight-headed hydra
  9210 | Orc:1    | Entered Level 1 of the Orcish Mines
  9362 | Orc:2    | Entered Level 2 of the Orcish Mines
  9362 | Orc:2    | Noticed an orc sorcerer
  9365 | Orc:2    | Noticed a sun demon
  9368 | Orc:2    | Noticed a sixfirhy
  9707 | Orc:2    | Noticed an orc sorcerer
  9708 | Orc:2    | Noticed an orc sorcerer
  9709 | Orc:2    | Noticed an orc high priest
  9712 | Orc:2    | Noticed a sixfirhy
  9857 | Orc:1    | Reached XP level 12. HP: 90/100 MP: 18/21
  9911 | Orc:2    | Found a staircase to the Elven Halls.
  9935 | Orc:2    | Noticed an orc high priest
  9941 | Orc:2    | Noticed an orc high priest
  9949 | Orc:2    | Killed an orc high priest
  9949 | Orc:2    | Reached skill level 5 in Stealth
 10393 | Orc:2    | Killed an orc high priest
 10500 | Orc:2    | Found Huesuasi's Armour Shop.
 10509 | Orc:2    | Found Leyweolu's Antique Weapon Boutique.
 10512 | Orc:2    | Found Ajekiovvao's Food Shoppe.
 10519 | Orc:2    | Found Xunwij's Antique Armour Shop.
 10526 | Orc:2    | Bought a spiked cloak for 275 gold pieces
 10536 | Orc:2    | Identified the +1 cloak of the Orb {+Blink rC+} (You bought it in a shop on level 2 of the Orcish Mines)
 10554 | Orc:2    | Found Fyoskeek's Antique Weapon Shop.
 10662 | Orc:2    | Noticed an orc high priest
 10685 | Orc:2    | Killed an orc high priest
 10708 | Orc:2    | Found Evaxzax's Antique Armour Boutique.
 10727 | Orc:2    | Bought a pair of glowing boots for 217 gold pieces
 10732 | Orc:2    | Identified a +1 pair of boots of running (You bought it in a shop on level 2 of the Orcish Mines)
 10768 | Orc:2    | Noticed an orc warlord
 10793 | Orc:2    | Reached skill level 10 in Stealth
 10907 | Orc:2    | Noticed an orc warlord
 11077 | Orc:2    | Killed an orc high priest
 11210 | Orc:2    | Reached ***** piety under Makhleb
 11482 | Orc:2    | Killed an orc warlord
 11600 | Orc:2    | Found Vyehesim's Jewellery Shoppe.
 11671 | Orc:2    | Killed an orc warlord
 11762 | Orc:2    | Found Kaigasamp's General Store.
 11774 | Orc:2    | Noticed a two-headed ogre
 11789 | Orc:2    | Killed a two-headed ogre
 11789 | Orc:2    | Reached XP level 13. HP: 106/106 MP: 3/22
 11796 | Orc:2    | Bought a +0 pair of gloves of dexterity for 172 gold pieces
 11845 | Orc:2    | Found Komn's Antique Weapon Emporium.
 11876 | Orc:2    | Bought an encrusted war axe for 255 gold pieces
 11876 | Orc:2    | Identified the +6 war axe "Pelaocua" {elec, +Blink +Fly MR+ Str-5} (You bought it in a shop on level 2 of the Orcish Mines)
 11892 | Orc:2    | Bought a faintly glowing ring mail for 261 gold pieces
 11902 | Orc:2    | Identified the +4 ring mail of the Fiend {*Drain MR++ Stlth+} (You bought it in a shop on level 2 of the Orcish Mines)
 12011 | Lair:1   | Entered Level 1 of the Lair of Beasts
 12016 | Lair:1   | Found a blossoming altar of Fedhas.
 12066 | Lair:1   | Reached skill level 10 in Transmutations
 12126 | Lair:1   | Reached skill level 1 in Armour
 12755 | Lair:2   | Got a steaming helmet
 12852 | Lair:2   | Found a staircase to the Shoals.
 13178 | Lair:3   | Noticed ak87's ghost (novice DgTm)
 13631 | Lair:3   | Found a staircase to the Snake Pit.
 14003 | Lair:4   | Reached skill level 13 in Earth Magic
 14052 | Lair:4   | Found a sparkling altar of Nemelex Xobeh.
 14251 | Lair:4   | Noticed Nessos
 14268 | Lair:4   | Killed Nessos
 14621 | Lair:5   | Noticed Josephine
 14660 | Lair:5   | Killed Josephine
 15107 | Lair:5   | Found a staircase to the Slime Pits.
 15107 | Lair:5   | Found a viscous altar of Jiyva.
 15410 | Lair:6   | Entered Level 6 of the Lair of Beasts
 15484 | Lair:6   | Reached ****** piety under Makhleb
 15588 | Lair:6   | Gained mutation: You resist negative energy. (rN+) [Deep Dwarf growth]
 15588 | Lair:6   | Reached XP level 14. HP: 105/115 MP: 13/27
 15641 | Lair:6   | Got a dazzling large shield
 15647 | Lair:6   | Identified the +8 large shield of Awe {rElec} (You found it on level 6 of the Lair of Beasts)
 15704 | Lair:6   | Reached skill level 10 in Invocations
 16004 | Lair:6   | Got a warped short sword
 16005 | Lair:6   | Identified the +6 short sword of Duty {protect, rC+ Int-2 SInv} (You found it on level 6 of the Lair of Beasts)
 16386 | Lair:6   | Reached skill level 14 in Earth Magic
 17138 | Lair:6   | Reached skill level 15 in Earth Magic
 17637 | D:11     | Got a warped battleaxe
 17662 | D:11     | Gained mutation: You evolve. [mutagenic meat]
 17663 | D:11     | Gained mutation: You are resistant to hostile enchantments. (MR+) [mutagenic meat]
 17858 | D:12     | Noticed Alioren's ghost (journeyman MiFi)
 17887 | D:12     | Killed Alioren's ghost
 18080 | D:12     | Reached skill level 16 in Earth Magic
 18173 | D:12     | Gained mutation: Armour fits poorly on your strangely shaped body. [mutagenic meat]
 18175 | D:12     | Identified the +10 battleaxe of Kavun {freeze, Dex+2} (You found it on level 11 of the Dungeon)
 18511 | D:12     | Lost mutation: Armour fits poorly on your strangely shaped body. [potion of mutation]
 18511 | D:12     | Lost mutation: You evolve. [potion of mutation]
 18511 | D:12     | Lost mutation: You are resistant to hostile enchantments. (MR+) [potion of mutation]
 18511 | D:12     | Gained mutation: You are resistant to hostile enchantments. (MR+) [potion of mutation]
 18511 | D:12     | Gained mutation: You are very clumsy. (Dex -4) [potion of mutation]
 18511 | D:12     | Gained mutation: Your spells are a little easier to cast, but a little less powerful. [potion of mutation]
 18511 | D:12     | Gained mutation: Your flesh is very cold resistant. (rC++) [potion of mutation]
 18658 | D:13     | Identified the +5 helmet of the Thunderstorm {-Tele MR+ Str+4 SInv} (You found it on level 2 of the Lair of Beasts)
 19076 | D:13     | Reached skill level 17 in Earth Magic
 19222 | D:13     | Reached skill level 1 in Evocations
 19289 | D:13     | Reached XP level 15. HP: 77/121 MP: 4/28
 19721 | D:13     | Gained mutation: You expend magic power (3 MP) to strengthen your wands. [mutagenic meat]
 19776 | D:13     | Gained mutation: You passively map a large area around you. [mutagenic meat]
 19820 | D:13     | Reached skill level 5 in Evocations
 19825 | D:13     | Gained mutation: Your spells are easier to cast, but less powerful. [mutagenic meat]
 19828 | D:13     | Lost mutation: You passively map a large area around you. [potion of mutation]
 19828 | D:13     | Lost mutation: You are resistant to hostile enchantments. (MR+) [potion of mutation]
 19828 | D:13     | Lost mutation: You are very clumsy. (Dex -4) [potion of mutation]
 19828 | D:13     | Lost mutation: Your spells are easier to cast, but less powerful. [potion of mutation]
 19828 | D:13     | Lost mutation: You are clumsy. (Dex -2) [potion of mutation]
 19828 | D:13     | Gained mutation: You are partially covered in thin metallic scales. (AC +2) [potion of mutation]
 19828 | D:13     | Gained mutation: Your mind is very acute. (Int +4) [potion of mutation]
 19842 | D:13     | Noticed a storm dragon
 19854 | D:13     | Killed a storm dragon
 20254 | D:14     | Found a gate to the Vaults.
 20733 | D:15     | Entered Level 15 of the Dungeon
 21018 | D:15     | Got a slimy leather armour
 21019 | D:15     | Identified the +1 leather armour "Wiheps" {rC++ Regen+ Int-3} (You found it on level 15 of the Dungeon)
 21159 | D:15     | Reached skill level 18 in Earth Magic
 21263 | D:15     | Learned a level 4 spell: Leda's Liquefaction
 21306 | D:15     | Found an opulent altar of Gozag.
 21762 | D:15     | Gained mutation: Your magical capacity is low. (-10% MP) [mutagenic meat]
 21886 | D:15     | Lost mutation: Your mind is very acute. (Int +4) [mutagenic meat]
 21890 | D:15     | Lost mutation: Your spells are a little easier to cast, but a little less powerful. [potion of mutation]
 21890 | D:15     | Lost mutation: You possess an exceptional clarity of mind. [potion of mutation]
 21890 | D:15     | Lost mutation: Your flesh is very cold resistant. (rC++) [potion of mutation]
 21890 | D:15     | Lost mutation: Your magical capacity is low. (-10% MP) [potion of mutation]
 21890 | D:15     | Gained mutation: You are clumsy. (Dex -2) [potion of mutation]
 21890 | D:15     | Gained mutation: You are partially covered in yellow scales. (AC +2) [potion of mutation]
 21894 | D:15     | Found a staircase to the Depths.
 22124 | D:15     | Reached skill level 10 in Spellcasting
 22522 | Shoals:1 | Entered Level 1 of the Shoals
 22727 | Shoals:1 | Learned a level 6 spell: Statue Form
 22733 | Shoals:1 | Learned a level 5 spell: Irradiate
 22777 | Shoals:1 | Noticed Donald
 22779 | Shoals:1 | Noticed Roxanne
 22792 | Shoals:1 | Killed Donald
 22792 | Shoals:1 | Reached skill level 1 in Hexes
 22906 | Shoals:1 | Killed Roxanne
 23549 | Shoals:2 | Reached XP level 16. HP: 128/128 MP: 27/30
 23595 | Shoals:2 | Noticed a kraken
 24130 | Shoals:3 | Identified the cursed +0 chain mail "Boramischar" {Regen+ Dex+7} (You found it on level 3 of the Shoals)
 24457 | Shoals:2 | Learned a level 6 spell: Iron Shot
 24883 | Shoals:4 | Entered Level 4 of the Shoals
 25194 | Shoals:4 | Noticed Ilsuiw
 25220 | Shoals:4 | Killed Ilsuiw
 25591 | Shoals:4 | Noticed a kraken
 25741 | Shoals:4 | Killed a kraken
 25753 | Shoals:4 | Got a barnacled rune of Zot
 26191 | Snake:1  | Entered Level 1 of the Snake Pit
 26212 | Snake:1  | Reached XP level 17. HP: 125/135 MP: 8/35
 26542 | Snake:1  | Found Wourgh's Assorted Antiques.
 26544 | Snake:1  | Found Vuimmysar's General Store.
 26547 | Snake:1  | Found Susuj's Antique Armour Shop.
 26557 | Snake:1  | Bought a shiny buckler for 277 gold pieces
 26633 | Snake:1  | Reached skill level 1 in Shields
 27090 | Snake:2  | Reached skill level 5 in Shields
 27164 | Snake:2  | Lost mutation: You are partially covered in thin metallic scales. (AC +2) [mutagenic meat]
 27167 | Snake:2  | Gained mutation: You are partially covered in slimy green scales. (AC +2) [mutagenic meat]
 27168 | Snake:2  | Gained mutation: You are resistant to hostile enchantments. (MR+) [mutagenic meat]
 27169 | Snake:2  | Gained mutation: You have a pair of antennae on your head. [mutagenic meat]
 27359 | Snake:2  | Noticed Aizul
 27406 | Snake:2  | Killed Aizul
 27537 | Snake:2  | Identified the +1 scale mail "Tefesham" {rCorr} (You found it on level 2 of the Snake Pit)
 27656 | Snake:3  | Reached skill level 10 in Dodging
 28157 | Snake:3  | Reached skill level 5 in Fighting
 28159 | Snake:3  | Noticed Saint Roka
 28208 | Snake:3  | Killed Saint Roka
 28208 | Snake:3  | Reached skill level 19 in Earth Magic
 28385 | Snake:4  | Entered Level 4 of the Snake Pit
 28484 | Snake:3  | Slain by a naga warrior

Skill      XL: |  1  2  3  4  5  6  7  8  9 10 11 12 13 14 15 16 17 |
---------------+----------------------------------------------------+-----
Earth Magic    | 5 6 7 9 10 12 13 17 18 19 | 19.2
Spellcasting   | 2 3 5 6 9 10 14 | 14.0
Conjurations   | 1 2 3 4 5 8 |  8.0
Axes           | 2 |  2.0
Short Blades   | 3 |  3.0
Transmutations | 4 7 9 10 | 10.2
Translocations | 3 |  3.2
Invocations    | 7 8 9 11 | 11.0
Fighting       | 4 5 |  5.0
Dodging        | 6 8 11 | 11.0
Stealth        | 10 11 | 11.0
Armour         | 4 |  4.0
Evocations     | 3 8 |  8.1
Hexes          | 3 |  3.1
Shields        | 5 |  5.0

Action                   |  1- 3 |  4- 6 |  7- 9 | 10-12 | 13-15 | 16-18 || total
-------------------------+-------+-------+-------+-------+-------+-------++-------
Melee: Unarmed           |     6 |       |       |       |       |       ||     6
       Hand axe          |       |    38 |   108 |       |       |       ||   146
       Rapier            |       |       |   111 |   665 |  1023 |   536 ||  2335
Throw: Tomahawk          |       |       |     8 |       |       |       ||     8
 Cast: Sandblast         |    60 |    89 |    81 |   134 |   228 |   138 ||   730
       Stone Arrow       |       |     2 |   102 |    57 |    40 |    20 ||   221
       Magic Dart        |       |       |    21 |     2 |       |       ||    23
       Lee's Rapid Decon |       |       |     2 |    25 |    75 |    20 ||   122
       Passwall          |       |       |       |     8 |     8 |     1 ||    17
       Petrify           |       |       |       |   144 |   320 |   211 ||   675
       Blink             |       |       |       |     3 |     5 |     4 ||    12
       Statue Form       |       |       |       |       |     2 |    23 ||    25
       Irradiate         |       |       |       |       |     1 |     2 ||     3
       Leda's Liquefacti |       |       |       |       |     1 |     2 ||     3
       Iron Shot         |       |       |       |       |       |    15 ||    15
Invok: Minor Destruction |       |       |       |    22 |    35 |    58 ||   115
       Lesser Servant of |       |       |       |     2 |       |    12 ||    14
       Major Destruction |       |       |       |       |       |     5 ||     5
       Greater Servant o |       |       |       |       |       |     1 ||     1
 Abil: Heal Wounds       |     1 |       |     3 |     1 |       |     3 ||     8
       End Transformatio |       |       |       |       |     2 |     8 ||    10
Evoke: Wand              |     3 |     2 |     5 |     8 |    18 |     4 ||    40
       Lightning rod     |       |       |       |       |     4 |    12 ||    16
       Sack of spiders   |       |       |       |       |     3 |     2 ||     5
       Fan of gales      |       |       |       |       |       |     1 ||     1
  Use: Scroll            |     5 |     1 |     2 |    12 |    14 |    16 ||    50
       Potion            |     1 |       |     7 |     7 |     3 |     9 ||    27
 Stab: Paralysed         |       |       |     6 |       |       |       ||     6
       Sleeping          |       |       |     1 |     7 |    32 |    28 ||    68
       Petrified         |       |       |       |   321 |   347 |   208 ||   876
       Petrifying        |       |       |       |    12 |   102 |    29 ||   143
       Distracted        |       |       |       |     1 |     1 |     6 ||     8
       Confused          |       |       |       |       |     1 |       ||     1
  Eat: Chunk             |     2 |     4 |    19 |    43 |    74 |    18 ||   160
       Fruit             |       |       |     5 |    10 |     5 |     3 ||    23
       Meat ration       |       |       |       |       |     3 |     3 ||     6
       Bread ration      |       |       |       |       |     2 |       ||     2
Armor: Leather armour    |     9 |    22 |   102 |   159 |       |       ||   292
       Skin              |       |       |    26 |       |    20 |   465 ||   511
       Ring mail         |       |       |       |       |   444 |   190 ||   634
Dodge: Dodged            |    16 |    42 |   177 |   438 |   852 |   974 ||  2499
Block: Buckler           |       |       |       |       |       |   189 ||   189
